 Dungeon Sprint DCSS version 0.28-a0-730-g892d06dc2c (webtiles) character file.

Game seed: 8875013934830472720

63 mhtbhm the Chucker (level 4, 0/51 HPs)
             Began as a Human Hunter on Oct 29, 2021.
             Succumbed to a scorpion's poison
             ... in the Dungeon (Sprint IX: "|||||||||||||||||||||||||||||").
             The game lasted 00:00:32 (127 turns).

mhtbhm the Chucker (Human Hunter)                    Turns: 127, Time: 00:00:33

Health: 0/51       AC:  3    Str: 13    XL:     4   Next: 31%
Magic:  4/4        EV: 12    Int: 11    God:
Gold:   0          SH:  0    Dex: 14    Spells: 3/3 levels left

rFire   . . .      SeeInvis .   a - +0 short sword
rCold   . . .      Faith    .   (no shield)
rNeg    . . .      Spirit   .   b - +0 leather armour
rPois   .          Reflect  .   (no helmet)
rElec   .          Harm     .   (no cloak)
rCorr   .          Rampage  .   (no gloves)
Will    .....      NoTele   +   (no boots)
Stlth   ..........              (no amulet)
HPRegen 0.17/turn               (no ring)
MPRegen 0.09/turn               (no ring)

@: berserking, lethally poisoned (0 -> -14), very quick
A: no striking features
a: no special abilities


You were in the Dungeon.
You visited 1 branch

Inventory:

Hand Weapons
 a - a +0 short sword (weapon)
Armour
 b - a +0 leather armour (worn)
Potions
 g - a potion of haste
 h - 2 potions of magic


   Skills:
 + Level 2.9 Fighting
 + Level 1.7 Short Blades
 + Level 7.6 Throwing
 + Level 1.0 Armour
 + Level 2.8 Dodging
 + Level 1.0 Stealth


You had 3 spell levels left.
You didn't know any spells.
Your spell library was empty.

Dungeon Overview and Level Annotations

Branches:
Dungeon (1/1)

Altars:


Message History

You barely miss the scorpion.
The scorpion is almost dead.
The scorpion stings you!
The necrophage struggles against the net.
The scorpion stings you.
You hit the scorpion but do no damage.
The scorpion is almost dead.
The necrophage struggles against the net.
The net rips apart, and the necrophage comes free!
The scorpion stings you.
You hit the scorpion but do no damage.
The scorpion is almost dead.
The scorpion stings you!
* * * LOW HITPOINT WARNING * * *
A red film seems to cover your vision as you go berserk!
You feel yourself moving faster!
You feel mighty! The scorpion closely misses you.
You hit the scorpion.
The scorpion is almost dead.
The scorpion stings you but does no damage.
You hit the scorpion but do no damage.
The scorpion is almost dead.
The scorpion stings you.
* * * LOW HITPOINT WARNING * * *
You are poisoned.
The scorpion poisons you!
You barely miss the scorpion.
The scorpion is almost dead.
* * * LOW HITPOINT WARNING * * *
You feel sick. The scorpion stings you.
* * * LOW HITPOINT WARNING * * *
You are more poisoned.
The scorpion poisons you!
You completely miss the scorpion.
The scorpion is almost dead.
* * * LOW HITPOINT WARNING * * *
You feel very sick.
You hit the scorpion.
You kill the scorpion!
You die...

▓▓▓
▓<▓
▓.▓
▓.▓
▓.▓
▓@▓
▓.▓
▓n▓
▓S▓
▓.▓
▓.▓
▓(▓
▓.▓
▓S▓


You could see a water moccasin and a necrophage.

Vanquished Creatures
  2 scorpions (D)
  A hobgoblin (D)
  A kobold (D)
  A ball python (D)
  A bat (D)
  A jackal zombie (D)
  A rat (D)
8 creatures vanquished.

Notes
Turn   | Place    | Note
-------+----------+-------------------------------------------
     0 | D        | mhtbhm the Human Hunter began the quest for the Orb.
     0 | D        | Reached XP level 1. HP: 16/16 MP: 1/1
   104 | D        | Noticed a scorpion
   104 | D        | Noticed a scorpion
   104 | D        | Noticed a necrophage
   104 | D        | Noticed a water moccasin
   106 | D        | Reached skill level 5 in Throwing
   109 | D        | Killed a scorpion
   110 | D        | Reached skill level 1 in Short Blades
   110 | D        | Reached skill level 7 in Throwing
   110 | D        | Reached skill level 1 in Armour
   110 | D        | Reached XP level 2. HP: 2/23 MP: 2/2
   110 | D        | Reached XP level 3. HP: 2/28 MP: 3/3
   110 | D        | Reached XP level 4. HP: 3/34 MP: 4/4
   126 | D        | HP: 2/51 [poisoned by a scorpion]
   127 | D        | Killed a scorpion
   127 | D        | Succumbed to a scorpion's poison

Illustrated notes

Levels and vault maps discovered:
D:        linesprint [early_d, line_temple, items_1, d_10, items_2, lair_1,
          lair_end, items_3, orc_1, orc_end, items_4, d_15, swamp_1, shoals_1,
          snake_1, spider_1, d_20, vaults_1, items_5, swamp_end, shoals_end,
          snake_end, spider_end, vaults_end, d_27, items_6, zot_1, zot_end,
          crypt_end, forest_end, elf_end, slime_end, tomb_end, abyss_end,
          pan_hell_end]

Skill      XL: |  1 |
---------------+----+-----
Throwing       | 7 |  7.6
Short Blades   | 1 |  1.7
Armour         | 1 |  1.0
Fighting       | |  2.9
Dodging        | |  2.8
Stealth        | |  1.0

Action                   |  1- 3 |  4- 6 || total
-------------------------+-------+-------++-------
Melee: Short sword       |    14 |    10 ||    24
Throw: Javelin           |     4 |     2 ||     6
       Throwing net      |       |     2 ||     2
  Use: Potion            |     1 |     2 ||     3
       Scroll            |       |     1 ||     1
Armor: Leather armour    |     5 |     1 ||     6
Dodge: Dodged            |     6 |     2 ||     8

Table legend: (Time is in decaauts)
 A = Elapsed time spent in this place.
 B = Non-inter-level travel time spent in this place.
 C = Inter-level travel time spent in this place.
 D = Time resting spent in this place.
 E = Time spent auto-exploring this place.
 F = Levels seen in this place.
 G = Mean time per level.
                   A        B        C        D        E       F      G
               +--------+--------+--------+--------+--------+-----+--------+
         Total |    127 |    127 |      0 |     80 |      0 |   1 |  127.0 |
       Dungeon |    127 |    127 |      0 |     80 |      0 |   1 |  127.0 |
               +--------+--------+--------+--------+--------+-----+--------+

Top non-repeatable levels by time:
       D: 127 daAuts
